 Dungeon Crawl Stone Soup version 0.16-a0-3946-g4f19e5c (console) character file.

38 Fusha the Charlatan (level 3, -4/27 (28) HPs)
             Began as a Ghoul Artificer on Feb 9, 2015.
             Killed from afar by a mottled dragon (5 damage)
             ... with a splash of liquid fire
             ... on level 2 of the Dungeon.
             The game lasted 00:09:38 (1399 turns).

Fusha the Charlatan (Ghoul Artificer)               Turns: 1399, Time: 00:09:38

HP:   -4/27 (28)    AC:  3    Str: 15    XL:     3   Next: 43%
MP:   4/4           EV: 11    Int:  7    God:
Gold: 56            SH:  3    Dex:  9    Spells: 0 memorised, 2 levels left

rFire  . . .     SeeInvis .     a - +0 short sword
rCold  + . .     Clarity  .     e - +0 leather armour
rNeg   + + +     SustAb   .     g - +0 buckler
rPois  ∞         Gourm    .     (no helmet)
rElec  .         Spirit   .     (no cloak)
rCorr  .         Warding  .     (no gloves)
rMut   .         Stasis   .     (no boots)
MR     .....                    (no amulet)
Stlth  +.........               (no ring)
                                (no ring)

@: liquid flames, rotting, glowing, not resistant to hostile enchantments, very
unstealthy
A: rotting body, claws 1, carnivore 3, cold resistance 1, negative energy
resistance 3, poison resistance, slow healing 1, torment resistance, unbreathing
a: no special abilities


You were on level 2 of the Dungeon.
You were not hungry.

You visited 1 branch of the dungeon, and saw 2 of its levels.

You collected 56 gold pieces.

Inventory:

Hand weapons
 a - a +0 short sword (weapon)
Missiles
 n - a javelin (quivered)
Armour
 e - a +0 leather armour (worn)
 g - a +0 buckler (worn)
Magical devices
 b - a wand of flame (12)
 c - a wand of enslavement (12)
 d - a wand of random effects (5)
Scrolls
 f - a scroll of blinking {unknown}
 h - a scroll of remove curse {unknown}
 k - a scroll of immolation {unknown}
 m - a scroll of identify {unknown}
Potions
 i - 2 potions of cancellation {unknown}
 j - a potion of curing {unknown}
Comestibles
 l - a beef jerky
 o - a chunk of flesh


   Skills:
 + Level 1.4 Fighting
 + Level 1.1 Short Blades
 + Level 0.1 Armour
 + Level 2.1 Dodging
 + Level 1.5 Stealth
 + Level 0.3 Shields
 * Level 3.4 Evocations


You had 2 spell levels left.
You didn't know any spells.

Dungeon Overview and Level Annotations

Branches:
Dungeon (2/15)

Altars:


Innate Abilities, Weirdness & Mutations

Your body is rotting away.
You thrive on raw meat.
You have sharp fingernails.
You are carnivorous and can eat meat at any time.
Your flesh is cold resistant.
You are immune to negative energy.
Your system is resistant to poisons.
You heal slowly when monsters are visible.
You are immune to unholy pain and torment.
You can survive without breathing.


Message History

Evoke which item? (* to show all) (? for menu, Esc to quit)
Zapping:
b - a wand of flame (13)
Press: ? - help, Shift-Dir - straight line, f/p - mottled dragon
Aim: a mottled dragon (almost dead)
The puff of flame hits the mottled dragon.
The mottled dragon completely resists.
The mottled dragon is almost dead.
This wand has 12 charges left.
The mottled dragon bites you!
* * * LOW HITPOINT WARNING * * *
The mottled dragon completely misses you.
Evoke which item? (* to show all) (? for menu, Esc to quit)
Zapping:
d - a wand of random effects (6)
Press: ? - help, Shift-Dir - straight line, f/p - mottled dragon
Aim: a mottled dragon (almost dead)
The mottled dragon resists with significant effort.
This wand has 5 charges left.
The mottled dragon spits sticky flame at you.
The splash of liquid fire hits you!
You are covered in liquid flames!
You die...

#### ....#
##########.....#
.......D@...#
####.#####.....# #.#
###.# #.# #.# .
###.#### #.# #
#......##### #.## #
#.#........########...
.
#.#..#.###..........#
# #
#.....##.......##.# #


You could see a mottled dragon.

Vanquished Creatures
  A gnoll (D:1)
  An ooze (D:1)
  5 hobgoblins
  3 kobolds (D:1)
  8 bats (D:1)
  A giant gecko (D:1)
  5 goblins
  2 rats (D:1)
26 creatures vanquished.

Vanquished Creatures (collateral kills)
  A giant cockroach (D:2)
1 creature vanquished.

Grand Total: 27 creatures vanquished

Notes
Turn   | Place    | Note
--------------------------------------------------------------
     0 | D:1      | Fusha, the Ghoul Artificer, began the quest for the Orb.
     0 | D:1      | Reached XP level 1. HP: 16/16 MP: 1/1
    57 | D:1      | Reached skill level 1 in Short Blades
   129 | D:1      | Reached skill level 3 in Evocations
   129 | D:1      | Reached XP level 2. HP: 17/22 MP: 3/3
   577 | D:1      | Reached XP level 3. HP: 23/25 MP: 4/4
  1356 | D:2      | Noticed a mottled dragon
  1356 | D:2      | a worm changed into a mottled dragon
  1398 | D:2      | HP: 1/27 [mottled dragon (9)]
  1399 | D:2      | Killed from afar by a mottled dragon

Action                   || total
-------------------------++-------
Melee: Short sword       ||   117
Throw: Javelin           ||     3
Evoke: Wand              ||    16
 Stab: Paralysed         ||     6
  Eat: Chunk             ||     2
